 Dungeon Crawl Stone Soup version 0.31-a0-986-g5e6e4ef867 (webtiles) character file.

Game seed: 6932769732947308036

51 Xavori the Trooper (level 4, 0/35 HPs)
             Began as a Djinni Chaos Knight on Nov 6, 2023.
             Was a Plaything of Xom.
             Killed from afar by a white imp (15 damage)
             ... with a puff of frost
             ... summoned by Xom
             ... on level 2 of the Dungeon.
             The game lasted 00:01:01 (1371 turns).

Xavori the Trooper (Djinni Chaos Knight)            Turns: 1371, Time: 00:01:02

Health: 0/35       AC:  5    Str: 11    XL:     4   Next: 5%
Gold:   102        EV: 12    Int: 14    God:    Xom [...*..] SH:  0 Dex: 14

rFire   + + .        a - +0 falchion (chaos)
rCold   x . .        (no shield)
rNeg    . . .        b - +2 leather armour
rPois   ∞            (no helmet)
rElec   .            (no cloak)
rCorr   .            (no gloves)
SInv    .            (boots unavailable)
Will    .....        (no amulet)
Stlth   +            (no ring)
HPRegen 0.25/turn    (no ring)
MPRegen 0.00/turn

%: infuse magic (-1 HP)
@: flying
A: sickness immunity, fire resistance 2, cold vulnerability 1, float, innate
caster, HP casting, extra vitality 1
a: Renounce Religion


You were on level 2 of the Dungeon.
You worshipped Xom.
You were a favourite toy of Xom.
You visited 1 branch of the dungeon, and saw 2 of its levels.

You collected 102 gold pieces.

Inventory:

Hand Weapons
 a - a +0 falchion of chaos (weapon)
Armour
 b - a +2 leather armour (worn)
Scrolls
 c - 2 scrolls of butterflies
 d - a scroll of fog {unknown}
 e - a scroll of teleportation {unknown}
 h - 2 scrolls of identify {unknown}
Potions
 f - a potion of enlightenment {unknown}
 g - a potion of curing {unknown}


   Skills:
 + Level 3.3 Fighting
 + Level 3.0 Long Blades
 + Level 1.6 Armour
 + Level 2.7 Dodging
 * Level 1.0 Spellcasting
 * Level 1.0 Conjurations
 * Level 1.0 Hexes
   Level 0.0 Charms
 * Level 1.0 Summonings
 * Level 1.0 Necromancy
 * Level 1.0 Translocations
 * Level 1.0 Transmutations
 * Level 1.0 Fire Magic
 * Level 1.0 Ice Magic
 * Level 1.0 Air Magic
 * Level 1.0 Earth Magic
 * Level 1.0 Poison Magic


You knew the following spells:

 Your Spells              Type           Power      Damage    Failure   Level
a - Slow                  Hex            12%        N/A       22%         1
Your spell library was empty.

Dungeon Overview and Level Annotations

Branches:
Dungeon (2/15)

Altars:


Innate Abilities, Weirdness & Mutations

You are immune to sickness and miasma.
You are immune to poison.
Your flesh is very heat resistant. (rF++)
You are vulnerable to cold. (rC-)
You float through the air rather than walking.
You learn spells naturally, not from books.
Your magical power is your life essence.
You have superior vitality. (+4 MHP)


Message History

You feel clever.
You start resting.
Xom grants you insight.
You feel aware of your surroundings.
You are now a favourite toy of Xom.
You start resting.
Xom is getting BORED.
Casting: Slow (safe; 22% risk of failure)
Confirm with . or Enter, or press ? or * to list all spells.
Okay, then.
You are now a BORING thing. "Let's see if it's strong enough to survive yet."
You are now a favourite toy of Xom.
You miss the crimson imp. The crimson imp barely misses you.
There are monsters nearby!
You hit the crimson imp but do no damage.
The crimson imp blinks!
The shadow imp hits you but does no damage.
There are monsters nearby!
You hit the shadow imp.
The shadow imp is moderately wounded.
The shadow imp hits you. The white imp closely misses you.
You hit the shadow imp but do no damage.
The shadow imp appears confused.
The shadow imp is moderately wounded.
The shadow imp barely misses itself.
The white imp gestures at you. The puff of frost hits you.
You feel a terrible chill!
The crimson imp blinks!
You hit the shadow imp.
The shadow imp is severely wounded.
The shadow imp misses you. The white imp gestures at you.
The puff of frost hits you.
You feel a terrible chill!
Xom roars with laughter!
The white imp barely misses you.
A bat comes into view.
The white imp gestures at you. The puff of frost hits you!
You feel a terrible chill!
You die... "This toy is broken."

#.........#..#####
#................#
#.........#.####.#
#.........#.##..,
^ ###########..#.#
*### #..#.# ....
#..#b#.....
########..........
#.........@.......
#.######55..######
* #.#5.# *,
......†....#*
##.............
####......####
###......
#)#.#.##, #.#.#.)


You could see a crimson imp (summoned), a white imp (summoned), a shadow imp
(summoned, confused) and a bat.

Vanquished Creatures
  2 worms (D:2)
  A dart slug (D:1)
  4 ball pythons
  3 endoplasms
  2 giant cockroaches
  A hobgoblin (D:2)
  4 kobolds
  3 quokkas
  5 bats
  3 frilled lizards
  7 goblins
  4 rats (D:1)
39 creatures vanquished.

Vanquished Creatures (collateral kills)
  A frilled lizard (D:1)
  A kobold (D:1)
2 creatures vanquished.

Grand Total: 41 creatures vanquished

Notes
Turn   | Place    | Note
-------+----------+-------------------------------------------
     0 | D:1      | Xavori the Djinni Chaos Knight began the quest for the Orb.
     0 | D:1      | Reached XP level 1. HP: 20/20 MP: 0/0
    52 | D:1      | XOM: silly message
   226 | D:1      | Reached XP level 2. HP: 24/25 MP: 0/0
   472 | D:1      | XOM: divination: detect creatures
   484 | D:1      | Reached XP level 3. HP: 25/30 MP: 0/0
   484 | D:1      | Learned a level 1 spell: Slow
   723 | D:1      | XOM: divination: detect creatures
   934 | D:2      | XOM: silly message
  1102 | D:2      | Reached skill level 1 in Spellcasting
  1102 | D:2      | Reached skill level 1 in Conjurations
  1102 | D:2      | Reached skill level 1 in Hexes
  1102 | D:2      | Reached skill level 1 in Summonings
  1102 | D:2      | Reached skill level 1 in Necromancy
  1102 | D:2      | Reached skill level 1 in Translocations
  1102 | D:2      | Reached skill level 1 in Transmutations
  1102 | D:2      | Reached skill level 1 in Fire Magic
  1102 | D:2      | Reached skill level 1 in Ice Magic
  1102 | D:2      | Reached skill level 1 in Air Magic
  1102 | D:2      | Reached skill level 1 in Earth Magic
  1102 | D:2      | Reached skill level 1 in Poison Magic
  1300 | D:2      | Reached XP level 4. HP: 12/35 MP: 0/0
  1335 | D:2      | XOM: divination: magic mapping
  1364 | D:2      | XOM is BORED!
  1364 | D:2      | XOM: summons 3 hostile demons
  1371 | D:2      | Killed from afar by a white imp

Illustrated notes

Levels and vault maps discovered:
D:1:      mrwooster_arrival_statue_2, layout_basic
D:2:      layout_basic

Skill      XL: |  1  2  3 |
---------------+----------+-----
Long Blades    | 3 |  3.0
Spellcasting   | 1 |  1.0
Conjurations   | 1 |  1.0
Hexes          | 1 |  1.0
Summonings     | 1 |  1.0
Necromancy     | 1 |  1.0
Translocations | 1 |  1.0
Transmutations | 1 |  1.0
Fire Magic     | 1 |  1.0
Ice Magic      | 1 |  1.0
Air Magic      | 1 |  1.0
Earth Magic    | 1 |  1.0
Poison Magic   | 1 |  1.0
Fighting       | |  3.3
Armour         | |  1.6
Dodging        | |  2.7

Action                     |  1- 3 |  4- 6 || total
---------------------------+-------+-------++-------
  Melee: Falchion          |   115 |     5 ||   120
         Punch             |     1 |       ||     1
 Armour: Leather armour    |    66 |     5 ||    71
  Dodge: Dodged            |    85 |     4 ||    89

Table legend: (Time is in decaauts)
 A = Elapsed time spent in this place.
 B = Non-inter-level travel time spent in this place.
 C = Inter-level travel time spent in this place.
 D = Time resting spent in this place.
 E = Time spent auto-exploring this place.
 F = Levels seen in this place.
 G = Mean time per level.
                   A        B        C        D        E       F      G
               +--------+--------+--------+--------+--------+-----+--------+
         Total |   1390 |   1377 |     13 |     39 |   1070 |   2 |  695.0 |
       Dungeon |   1390 |   1377 |     13 |     39 |   1070 |   2 |  695.0 |
               +--------+--------+--------+--------+--------+-----+--------+

Top non-repeatable levels by time:
     D:1: 827 daAuts
     D:2: 562 daAuts
